 Dungeon Crawl Stone Soup version 0.20.1-1-g8b1a95d (webtiles) character file.

8402 geeseburger the Blocker (level 11, -1/90 HPs)
             Began as a Formicid Fighter on Oct 11, 2017.
             Was a High Priest of Makhleb.
             Succumbed to a queen ant's poison
             ... on level 9 of the Dungeon.
             The game lasted 00:57:02 (10212 turns).

geeseburger the Blocker (Formicid Fighter)         Turns: 10212, Time: 00:57:02

Health: -1/90      AC: 14    Str: 24    XL:     11   Next: 55%
Magic:  15/15      EV:  8    Int:  5    God:    Makhleb [*****.]
Gold:   431        SH: 12    Dex: 10    Spells: 10/10 levels left

rFire    . . .     SeeInvis +   q - +2 long sword (slice)
rCold    + . .     Gourm    .   c - +0 shield
rNeg     . . .     Faith    .   y - +0 chain mail {rC+}
rPois    .         Spirit   .   (helmet unavailable)
rElec    .         Reflect  .   o - +2 cloak
rCorr    .         Harm     .   (no gloves)
MR       ++...                  (no boots)
Stlth    ..........             B - amulet of Inwiesoh {+Fly MR+ Regen+ Int-3}
Regen    0.7/turn               (no ring)
MPRegen  0.2/turn               (no ring)

@: lethally poisoned (-1 -> -28)
A: permanent stasis, dig shafts and tunnels, four strong arms, antennae 3
a: Dig, Shaft Self, Minor Destruction, Lesser Servant of Makhleb, Major
Destruction, Greater Servant of Makhleb, Renounce Religion, Evoke Flight


You were on level 9 of the Dungeon.
You worshipped Makhleb.
Makhleb was extremely pleased with you.
You were not hungry.

You visited 1 branch of the dungeon, and saw 9 of its levels.

You collected 461 gold pieces.
You spent 30 gold pieces at shops.

Inventory:

Hand Weapons
 d - a +0 great sword
 q - a +2 long sword of slicing (weapon)
Missiles
 t - 2 tomahawks of returning (quivered)
Armour
 c - a +0 shield (worn)
 o - a +2 cloak (worn)
 y - a +0 chain mail of cold resistance (worn)
Jewellery
 b - a +3 amulet of reflection {unknown}
 u - an uncursed amulet of regeneration
 B - the amulet of Inwiesoh (around neck) {+Fly MR+ Regen+ Int-3}
   (You found it on level 7 of the Dungeon)

   [amulet of regeneration]

   It affects your intelligence (-3).
   It affects your resistance to hostile enchantments.
   It lets you fly.
   It increases your rate of regeneration.
 C - an uncursed amulet of the gourmand
Wands
 e - a wand of acid (8/15)
 v - a wand of random effects (31/48)
 E - a wand of paralysis (21/24)
Scrolls
 i - 6 scrolls of teleportation
 m - a scroll of amnesia
 s - a scroll of random uselessness {unknown}
Potions
 f - 2 potions of degeneration {unknown}
 g - a potion of brilliance {unknown}
 h - 2 potions of mutation
 j - a potion of ambrosia {unknown}
 k - a potion of haste {unknown}
 l - 2 potions of agility {unknown}
 p - 2 potions of magic {unknown}
 r - a potion of heal wounds {unknown}
Books
 x - a book of Battle

   Spells                             Type                      Level
   a - Infusion                       Charms                       1
   b - Shroud of Golubria             Charms/Translocation         2
   c - Song of Slaying                Charms                       2
   d - Spectral Weapon                Hexes/Charms                 3
   e - Regeneration                   Charms/Necromancy            3
 G - a book of Maledictions

   Spells                             Type                      Level
   a - Corona                         Hexes                        1
   b - Ensorcelled Hibernation        Hexes/Ice                    2
   c - Confuse                        Hexes                        3
   d - Tukima's Dance                 Hexes                        3
   e - Dazzling Spray                 Conjuration/Hexes            3
Comestibles
 a - 4 fruits
 w - 21 royal jellies


   Skills:
 + Level 9.7 Fighting
 + Level 8.2 Long Blades
 + Level 9.6 Armour
 + Level 10.7 Shields
 + Level 5.8 Invocations


You had 10 spell levels left.
You didn't know any spells.

Dungeon Overview and Level Annotations

Branches:
Dungeon (9/15)             Temple (0/1) D:6
   Lair: D:8-11         Orc: D:9-12

Altars:
Kikubaaqudgha
Makhleb
Qazlal
Ru
Trog
Uskayaw
Vehumet
Zin

Shops:
D:3 *   D:5 [[*


Innate Abilities, Weirdness & Mutations

You cannot be hasted, slowed, berserked, paralysed or teleported.
You can dig through walls and to a lower floor.
Your four strong arms can wield two-handed weapons with a shield.
You have a pair of large antennae on your head. (SInv)


Message History

The queen ant stings you but does no damage.
You block the soldier ant's attack.
You closely miss the soldier ant.
The soldier ant is lightly wounded.
You feel sick. The queen ant barely misses you.
You block the soldier ant's attack.
You hit the soldier ant but do no damage.
The soldier ant is lightly wounded.
You feel sick.
The queen ant stings you but does no damage.
The soldier ant stings you!
* * * LOW HITPOINT WARNING * * *
You are lethally poisoned!
The soldier ant poisons you!
You feel better. The queen ant stings you!
* * * LOW HITPOINT WARNING * * *
You are lethally poisoned!
The queen ant poisons you! The soldier ant barely misses you.
You don't have enough health at the moment.
You die...

...#...a#...{..
.......#....#{.
####...........a..
#..#......#...a..#
#.. ...#.....####
#.####.#)###.##.#
####.#....(.###...#
#.......)....###a##
.........)....a†@#
.........†..######
..........†.#
...........##
........†..#
......÷....#
..........##
.........##
.......###


You could see a queen ant and a soldier ant.

Vanquished Creatures
  A two-headed ogre (D:9)
  Pikel (D:5)
  A kobold demonologist (D:9)
  A queen bee (D:9)
  3 hippogriffs
  A wyvern (D:8)
  A wraith (D:6)
  Menkaure (D:5)
  2 water moccasins
  11 soldier ants (D:9)
  Duvessa (D:5)
  3 ice beasts
  3 slaves (D:5)
  3 sky beasts
  2 ogres
  2 phantoms
  2 centaurs
  6 bullfrogs
  Dowan (D:5)
  18 killer bees
  3 scorpions
  5 crimson imps
  A bullfrog zombie (D:5)
  4 hounds
  4 orc priests
  5 orc wizards
  A bullfrog skeleton (D:7)
  2 iguanas (D:4)
  37 worker ants
  2 hound skeletons
  A howler monkey zombie (D:8)
  A worker ant zombie (D:9)
  2 gnolls (D:4)
  A howler monkey skeleton (D:4)
  7 adders
  3 oozes
  2 adder zombies
  4 worms
  An adder skeleton (D:8)
  2 dart slugs
  4 leopard geckos
  35 orcs
  A ball python (D:2)
  8 bats
  12 giant cockroaches
  9 goblins
  19 hobgoblins
  7 jackals
  7 quokkas
  A ball python skeleton (D:4)
  5 frilled lizards
  19 kobolds
  A quokka skeleton (D:6)
  9 rats
289 creatures vanquished.

Vanquished Creatures (collateral kills)
  2 soldier ants (D:9)
2 creatures vanquished.

Vanquished Creatures (others)
  A bullfrog (D:5)
  A howler monkey (D:5)
2 creatures vanquished.

Grand Total: 293 creatures vanquished

Notes
Turn   | Place    | Note
-------+----------+-------------------------------------------
     0 | D:1      | geeseburger the Formicid Fighter began the quest for the Orb.
     0 | D:1      | Reached XP level 1. HP: 18/18 MP: 1/1
    23 | D:1      | Reached XP level 2. HP: 24/24 MP: 2/2
   287 | D:1      | Reached XP level 3. HP: 30/30 MP: 3/3
   621 | D:2      | Reached skill level 4 in Shields
   621 | D:2      | Reached XP level 4. HP: 37/37 MP: 4/4
   768 | D:2      | Found a stormy altar of Qazlal.
  1231 | D:2      | Found a hide-covered altar of Uskayaw.
  1340 | D:2      | Found a burning altar of Makhleb.
  1416 | D:2      | Became a worshipper of Makhleb the Destroyer
  1563 | D:3      | Reached XP level 5. HP: 40/42 MP: 5/5
  1599 | D:3      | Found a bloodstained altar of Trog.
  1758 | D:3      | Found Zin's Purification Station.
  1762 | D:3      | Found a glowing silver altar of Zin.
  2005 | D:3      | Reached * piety under Makhleb
  2317 | D:4      | Noticed an ogre
  2324 | D:4      | Killed an ogre
  2324 | D:4      | Reached skill level 5 in Shields
  2324 | D:4      | Reached XP level 6. HP: 26/49 MP: 6/6
  2547 | D:4      | Reached skill level 5 in Fighting
  2618 | D:4      | Reached XP level 7. HP: 40/56 MP: 7/7
  3197 | D:4      | Reached ** piety under Makhleb
  3513 | D:4      | Reached skill level 5 in Armour
  3521 | D:4      | Reached skill level 1 in Invocations
  3849 | D:4      | Reached skill level 6 in Shields
  4006 | D:5      | Entered Level 5 of the Dungeon
  4055 | D:5      | Reached XP level 8. HP: 60/63 MP: 9/9
  4090 | D:5      | Found Gerooxta's General Store.
  4099 | D:5      | Bought a scroll of identify for 30 gold pieces
  4443 | D:5      | Noticed Pikel
  4443 | D:5      | Noticed Menkaure
  4464 | D:5      | Killed Menkaure
  4496 | D:5      | Killed Pikel
  4496 | D:5      | Reached skill level 5 in Long Blades
  4496 | D:5      | Reached skill level 7 in Shields
  4496 | D:5      | Reached XP level 9. HP: 18/71 MP: 10/12
  4769 | D:5      | Found Qeij's Armour Boutique.
  4878 | D:5      | Found Gaur's Armour Boutique.
  4883 | D:5      | Noticed Dowan
  4884 | D:5      | Noticed Duvessa
  4891 | D:5      | Killed Dowan
  4904 | D:5      | Killed Duvessa
  5058 | D:5      | Identified a scroll of acquirement
  5635 | D:6      | Found a staircase to the Ecumenical Temple.
  5649 | D:6      | Reached *** piety under Makhleb
  5905 | D:6      | Reached skill level 5 in Invocations
  6094 | D:6      | Found a sacrificial altar of Ru.
  6103 | D:6      | Reached skill level 8 in Shields
  7045 | D:7      | You fall through a shaft!
  7078 | D:8      | Reached XP level 10. HP: 45/80 MP: 13/13
  7571 | D:7      | Got a crude ruby amulet
  7576 | D:7      | Identified the amulet of Inwiesoh {+Fly MR+ Regen+ Int-3} (You found it on level 7 of the Dungeon)
  7599 | D:7      | Found an ancient bone altar of Kikubaaqudgha.
  7599 | D:7      | Found a radiant altar of Vehumet.
  7651 | D:7      | Reached **** piety under Makhleb
  8267 | D:8      | Reached skill level 9 in Shields
  8967 | D:9      | Noticed a kobold demonologist
  8975 | D:9      | Noticed a sixfirhy
  8980 | D:9      | Noticed an orange demon
  8986 | D:9      | Noticed a soul eater
  9002 | D:9      | Noticed a rust devil
  9003 | D:9      | Killed a kobold demonologist
  9137 | D:9      | Reached XP level 11. HP: 89/89 MP: 14/14
  9385 | D:9      | Reached skill level 10 in Shields
  9391 | D:9      | Reached ***** piety under Makhleb
  9454 | D:9      | Noticed a two-headed ogre
  9460 | D:9      | Killed a two-headed ogre
 10148 | D:9      | Noticed a queen ant
 10211 | D:9      | HP: 3/90 [queen ant (14)]
 10212 | D:9      | Succumbed to a queen ant's poison

Skill      XL: |  1  2  3  4  5  6  7  8  9 10 11 |
---------------+----------------------------------+-----
Fighting       | 4 5 6 7 9 |  9.7
Shields        | 4 5 6 7 8 9 10 | 10.7
Armour         | 4 5 6 7 8 9 |  9.6
Long Blades    | 3 4 5 6 7 8 |  8.2
Invocations    | 2 4 5 |  5.8

Action                   |  1- 3 |  4- 6 |  7- 9 | 10-12 || total
-------------------------+-------+-------+-------+-------++-------
Melee: Long sword        |    75 |   159 |   456 |   590 ||  1280
       Great sword       |       |       |    29 |       ||    29
Throw: Tomahawk          |       |       |     2 |       ||     2
Invok: Minor Destruction |       |       |       |    10 ||    10
       Lesser Servant of |       |       |       |     1 ||     1
 Abil: Dig               |       |     1 |     2 |       ||     3
  Use: Scroll            |     1 |     4 |     5 |     8 ||    18
       Potion            |       |     2 |     2 |     6 ||    10
  Eat: Bread ration      |       |     2 |       |     2 ||     4
       Fruit             |       |       |     6 |       ||     6
       Royal jelly       |       |       |     3 |       ||     3
       Meat ration       |       |       |     1 |     1 ||     2
Armor: Scale mail        |    35 |    52 |   142 |       ||   229
       Skin              |       |       |    11 |    19 ||    30
       Chain mail        |       |       |       |   255 ||   255
Dodge: Dodged            |    17 |    51 |   147 |   168 ||   383
Block: Shield            |    46 |    75 |   282 |   421 ||   824
       Rpst.: Long sword |     7 |    13 |    43 |    58 ||   121
       Great sword       |       |       |     1 |       ||     1
